 Dungeon Crawl Stone Soup version 0.17.2-1-ge4368a0 (webtiles) character file.

240 Goblin1989 the Skirmisher (level 5, -3/46 HPs)
             Began as a Demonspawn Artificer on Nov 18, 2016.
             Slain by a scorpion (5 damage)
             ... on level 4 of the Dungeon.
             The game lasted 00:12:17 (3948 turns).

Goblin1989 the Skirmisher (Demonspawn Artificer)    Turns: 3948, Time: 00:12:18

Health: -3/46      AC:  8    Str: 13    XL:     5   Next: 79%
Magic:  7/7        EV: 11    Int: 13    God:
Gold:   137        SH:  0    Dex: 13    Spells: 0 memorised, 4 levels left

rFire  + . .     SeeInvis +     r - +0 war axe
rCold  + . .     Clarity  .     m - +0 ring mail
rNeg   . . .     SustAt   .     (no shield)
rPois  +         Gourm    .     (no helmet)
rElec  +         Spirit   .     (no cloak)
rCorr  +         Warding  .     (no gloves)
rMut   .         Stasis   .     (no boots)
MR     .....                    (no amulet)
Stlth  +.........               l - ring of flight
                                s - ring of see invisible

@: lethally poisoned (-3 -> -8), resistant, not resistant to hostile
enchantments, very unstealthy
A: thin metallic scales 2, powered by death 2
a: Evoke Flight


You were on level 4 of the Dungeon.
You were not hungry.

You visited 1 branch of the dungeon, and saw 4 of its levels.

You collected 137 gold pieces.

Inventory:

Hand Weapons
 r - a +0 war axe (weapon)
Missiles
 d - 31 stones
 y - 4 tomahawks of returning (quivered)
Armour
 m - a +0 ring mail (worn)
Jewellery
 l - a ring of flight (right hand)
 s - a ring of see invisible (left hand)
 w - a cursed ring of loudness {unknown}
Wands
 c - a wand of flame (0)
 e - a wand of random effects (10)
 E - a wand of enslavement (15)
Scrolls
 b - 3 scrolls of teleportation {unknown}
 i - a scroll of remove curse {unknown}
 j - 4 scrolls of identify {unknown}
 k - a scroll of enchant weapon {unknown}
 o - a scroll of recharging {unknown}
 p - a scroll of blinking {unknown}
 u - a scroll of immolation {unknown}
 x - a scroll of random uselessness {unknown}
Potions
 g - a potion of invisibility {unknown}
 h - 2 potions of lignification {unknown}
 n - a potion of degeneration {unknown}
 q - a potion of mutation {unknown}
 t - 2 potions of resistance
 z - 2 potions of flight {unknown}
Comestibles
 f - 2 bread rations {@e1}
 v - a meat ration {@e2}


   Skills:
 + Level 5.9 Fighting
   Level 0.8 Short Blades
 - Level 1.7 Dodging
 - Level 0.8 Stealth
 - Level 3.0 Evocations


You had 4 spell levels left.
You didn't know any spells.

Dungeon Overview and Level Annotations

Branches:
Dungeon (4/15)
 Temple: D:4-7

Altars:
Ashenzari
Dithmenos
Kikubaaqudgha

Annotations:
D:2 Sigmund


Innate Abilities, Weirdness & Mutations

You are mostly covered in thin metallic scales (AC +3).
You regenerate health from kills.


Message History

The scorpion is moderately wounded.
You feel sick. The scorpion closely misses you.
You take 1 damage, and have 14/46 hp.
You closely miss the scorpion.
The scorpion is moderately wounded.
You feel sick. The scorpion stings you.
* * * LOW HITPOINT WARNING * * *
The scorpion stings you.
* * * LOW HITPOINT WARNING * * *
You take 11 damage, and have 3/46 hp.
MASSIVE DAMAGE!!
You hit the scorpion but do no damage.
The scorpion is moderately wounded.
* * * LOW HITPOINT WARNING * * *
You feel sick. The scorpion barely misses you.
You take 1 damage, and have 2/46 hp.
Drink which item? (? for menu, Esc to quit)
It was a potion of resistance.
You feel protected. The scorpion stings you.
You die...

███.█.█..█.....█
█.......███.██.█
███.....█..█..██.█
........██...███.█
..████....████████.██
..........█ █....█
..█████.█.█ █.█.██
..........█ █.███
██████∆███ █@█
██...██


█s█ ██.....██ █.█ ██....<..█ █.. ███.........█ █.. ..∆.........▲ (.%.
███.........█ █... █ ██.......██ █..██ █ ██.....██ You could see a scorpion.

Vanquished Creatures
  An orc priest (D:4)
  A hound (D:4)
  A giant frog skeleton (D:4)
  An iguana (D:4)
  A worker ant (D:4)
  4 adders
  2 oozes (D:1)
  A worm (D:3)
  3 giant geckos
  An orc (D:3)
  4 bats
  4 giant cockroaches
  3 goblins
  9 hobgoblins
  A quokka (D:4)
  A ball python (D:1)
  4 giant newts
  5 kobolds
  6 rats
53 creatures vanquished.

Notes
Turn   | Place    | Note
--------------------------------------------------------------
     0 | D:1      | Goblin1989 the Demonspawn Artificer began the quest for the Orb.
     0 | D:1      | Reached XP level 1. HP: 15/15 MP: 3/3
   224 | D:1      | Gained mutation: You are partially covered in thin metallic scales (AC +2). [demonic ancestry]
   224 | D:1      | Reached XP level 2. HP: 8/22 MP: 4/4
   421 | D:1      | Goblin1989: релек скейлы
   421 | D:1      | Goblin1989: фу говно
  1303 | D:1      | Gained mutation: You regenerate a little health from kills. [demonic ancestry]
  1303 | D:1      | Reached XP level 3. HP: 16/29 MP: 5/5
  1774 | D:2      | Noticed Sigmund
  2046 | D:2      | Found an ancient bone altar of Kikubaaqudgha.
  2418 | D:3      | Gained mutation: You are mostly covered in thin metallic scales (AC +3). [demonic ancestry]
  2418 | D:3      | Reached XP level 4. HP: 32/37 MP: 6/6
  2606 | D:3      | Reached skill level 4 in Fighting
  3209 | D:3      | Found a shadowy altar of Dithmenos.
  3210 | D:3      | Found a shattered altar of Ashenzari.
  3294 | D:4      | HP: 1/37 [iguana (9)]
  3563 | D:4      | Gained mutation: You regenerate health from kills. [demonic ancestry]
  3563 | D:4      | Reached XP level 5. HP: 10/43 MP: 7/7
  3699 | D:4      | Reached skill level 5 in Fighting
  3947 | D:4      | HP: 2/46 [poisoned by a scorpion]
  3948 | D:4      | Slain by a scorpion

Action                   |  1- 3 |  4- 6 || total
-------------------------+-------+-------++-------
Melee: Short sword       |   161 |       ||   161
       Hand axe          |       |    21 ||    21
       War axe           |       |    62 ||    62
Throw: Stone             |     3 |    13 ||    16
       Tomahawk          |       |     5 ||     5
Evoke: Wand              |    10 |    10 ||    20
  Use: Potion            |       |     1 ||     1
 Stab: Sleeping          |     3 |       ||     3
  Eat: Chunk             |     3 |     4 ||     7
       Pizza             |       |     2 ||     2

Vault maps used:
D:1:      onia_arrival_handbag, nrook_loot_triangle
D:2:      old_standard_altar, old_standard_altar, uniq_sigmund, uniq_terence
D:3:      minitemple
D:4:      kennysheep_big_flooded_room, first_bread, tso_metal_star
